 Dungeon Crawl Stone Soup version 0.31.0 (webtiles) character file.

Game seed: 1558666674097387782

251 qw the Shooter (level 6, -2/37 HPs)
             Began as a Gargoyle Hunter on Jan 19, 2024.
             Slain by an iguana (10 damage)
             ... on level 4 of the Dungeon.
             The game lasted 00:00:09 (2411 turns).

qw the Shooter (Gargoyle Hunter)                    Turns: 2411, Time: 00:00:09

Health: -2/37      AC:  9    Str: 15    XL:     6   Next: 13%
Magic:  6/6        EV: 11    Int:  9    God:
Gold:   177        SH:  0    Dex: 15    Spells: 5/5 levels left

rFire   . . .        a - +2 shortbow
rCold   . . .        (shield currently unavailable)
rNeg    + . .        j - +0 ring mail
rPois   inf          (no helmet)
rElec   +            (no cloak)
rCorr   .            (no gloves)
SInv    +            (no boots)
Will    .....        k - amulet of the acrobat
Stlth   +            d - ring of see invisible
HPRegen 0.26/turn    (no ring)
MPRegen 0.10/turn

%: acrobat
@: no status effects
A: sickness immunity, AC +4, negative energy resistance 1, electricity
resistance, torment resistance 1, petrification resistance
a: no special abilities


You were on level 4 of the Dungeon.
You visited 1 branch of the dungeon, and saw 4 of its levels.

You collected 177 gold pieces.


Innate Abilities, Weirdness & Mutations

You are immune to sickness and miasma.
Your stone body is resilient. (AC +4)
You are immune to poison.
You resist negative energy. (rN+)
You are resistant to electric shocks. (rElec)
You are resistant to unholy torment.
You are immune to petrification.


   Skills:
 + Level 3.6 Fighting
 - Level 6.4 Ranged Weapons
 - Level 1.3 Armour
 - Level 1.5 Dodging
 - Level 1.1 Stealth


You had 5 spell levels left.
You didn't know any spells.
Your spell library was empty.

Inventory:

Hand Weapons
 a - a +2 shortbow (weapon)
Armour
 j - a +0 ring mail (worn)
Jewellery
 d - a ring of see invisible (left hand)
 k - an amulet of the acrobat (around neck)
Potions
 e - a potion of cancellation {unknown}
 f - a potion of heal wounds {unknown}
 g - a potion of haste
 h - a potion of berserk rage {unknown}
 i - a potion of curing

Dungeon Overview and Level Annotations

Branches:
Dungeon (4/15)
 Temple: D:4-7

Altars:


Message History

You shoot an arrow. The arrow hits the adder.
The adder is moderately wounded.
The adder closely misses you.
The iguana hisses menacingly.
You shoot an arrow. The arrow barely misses the adder.
The adder bites you but does no damage. The adder bites you.
You shoot an arrow. The arrow barely misses the adder.
The adder closely misses you.
You shoot an arrow. The arrow misses the adder.
The adder bites you but does no damage. The adder closely misses you.
You shoot an arrow. The arrow hits the adder!
You kill the adder!
You shoot an arrow. The arrow hits the iguana.
The iguana is lightly wounded.
The iguana bites you! The iguana misses you.
You shoot an arrow.
The arrow hits the iguana but does no damage.
The iguana is lightly wounded.
The iguana barely misses you.
You shoot an arrow. The arrow barely misses the iguana.
The iguana completely misses you.
You shoot an arrow. The arrow closely misses the iguana.
The iguana misses you.
You shoot an arrow. The arrow completely misses the iguana.
The iguana misses you.
You shoot an arrow. The arrow closely misses the iguana.
The iguana misses you.
You shoot an arrow. The arrow hits the iguana.
The iguana is heavily wounded.
The iguana bites you but does no damage.
The iguana closely misses you.
You shoot an arrow. The arrow hits the iguana!
The iguana is almost dead.
The iguana bites you.
You shoot an arrow. The arrow hits the iguana.
The iguana is almost dead.
The iguana barely misses you.
You shoot an arrow. The arrow barely misses the iguana.
The iguana bites you!
You die...

....... ..#.#.# ......#
#.#.#.# . #.##..#
#.#.#.# .# #.##^.#
#.#.#.# # ..
#.##..#####...... #.#.
#.##..(..........
#.#.###.##.###.##.#####
#..........# #.##.#
#...##@....# #.##.#
#.#.#..l#####.##.##.#
#......## #....#.#
#..####.'s!Sh)#....#.#
# ###.!.(.# ...#.#
ol.$.#.#.##.# .).## .#
####


You could see an iguana.

Vanquished Creatures
  A scorpion (D:4)
  A hound (D:4)
  An iguana (D:3)
  An orc wizard (D:4)
  A gnoll (D:1)
  3 adders
  A ribbon worm (D:2)
  2 dart slugs
  5 orcs (D:3)
  7 endoplasms
  A giant cockroach (D:2)
  3 goblins
  11 hobgoblins
  3 jackals
  A quokka (D:2)
  7 ball pythons
  5 bats
  2 frilled lizards
  2 kobolds
  3 rats
61 creatures vanquished.

Notes
Turn   | Place    | Note
-------+----------+-------------------------------------------
     0 | D:1      | qw the Gargoyle Hunter began the quest for the Orb.
     0 | D:1      | Reached XP level 1. HP: 12/12 MP: 1/1
     0 | D:1      | 0 ||| qw: Version: 0.3-a-132-g3d54051
     0 | D:1      | 0 ||| qw: Game counter: 157
     0 | D:1      | 0 ||| qw: Melee chars always use a shield: true
     0 | D:1      | 0 ||| qw: God list: Okawaru
     0 | D:1      | 0 ||| qw: Allow faded altars: false
     0 | D:1      | 0 ||| qw: Do Orc after clearing Dungeon:15 true
     0 | D:1      | 0 ||| qw: Do second Lair branch before Depths: true
     0 | D:1      | 0 ||| qw: Lair rune preference: random
     0 | D:1      | 0 ||| qw: Goals: Normal
     0 | D:1      | 0 ||| PLANNING D:1-11
   131 | D:1      | Reached XP level 2. HP: 17/17 MP: 2/2
   246 | D:1      | Reached XP level 3. HP: 9/21 MP: 3/3
   628 | D:1      | Reached skill level 5 in Ranged Weapons
   667 | D:1      | 667 ||| DROPPING amulet of magic regeneration.
   668 | D:1      | 668 ||| UPGRADING to amulet of the acrobat.
   673 | D:1      | 673 ||| UPGRADING to ring of see invisible.
   674 | D:1      | 674 ||| READING scroll labelled CUMEUTHR SEOSK.
   675 | D:1      | 675 ||| READING scroll labelled XIOJUS QUDOMM.
   675 | D:1      | 675 ||| ENCHANTING +0 shortbow.
   676 | D:1      | 676 ||| READING scroll labelled CYZAT KEGG.
   677 | D:1      | 677 ||| READING scroll labelled ZASATWABBE.
   678 | D:1      | 678 ||| DROPPING scroll of butterflies.
   828 | D:2      | Reached skill level 3 in Fighting
   900 | D:2      | Reached XP level 4. HP: 28/28 MP: 4/4
  1213 | D:2      | 1213 ||| READING scroll labelled QESMUS KERYI.
  1213 | D:2      | 1213 ||| ENCHANTING +1 shortbow.
  1398 | D:3      | 1398 ||| FLEEEEING.
  1937 | D:3      | 1937 ||| READING scroll of enchant weapon.
  1937 | D:3      | 1937 ||| ENCHANTING +1 shortbow.
  1994 | D:3      | Reached XP level 5. HP: 32/32 MP: 5/5
  2260 | D:3      | 2260 ||| UPGRADING to +0 ring mail.
  2270 | D:3      | 2270 ||| DROPPING +0 leather armour.
  2271 | D:3      | 2271 ||| READING scroll labelled JYDOJUFRIC.
  2272 | D:3      | 2272 ||| READING scroll labelled REXOIF XAA.
  2272 | D:3      | 2272 ||| IDENTIFYING glowing cyan potion
  2273 | D:3      | 2273 ||| READING scroll labelled MEFUNW MOPNASO.
  2274 | D:3      | 2274 ||| DRINKING 2 sedimented emerald potions.
  2275 | D:3      | 2275 ||| DRINKING 2 fuming ruby potions.
  2276 | D:3      | 2276 ||| DROPPING potion of degeneration.
  2367 | D:4      | 2367 ||| RETREEEEATING.
  2372 | D:4      | 2372 ||| RETREEEEATING.
  2383 | D:4      | Reached skill level 1 in Armour
  2387 | D:4      | Reached skill level 6 in Ranged Weapons
  2393 | D:4      | Reached XP level 6. HP: 19/37 MP: 6/6
  2402 | D:4      | HP: 7/37 [iguana (10)]
  2409 | D:4      | HP: 8/37 [iguana (1)]
  2411 | D:4      | Slain by an iguana

Levels and vault maps discovered:
D:1:      saegor_arrival_simple_e, layout_loops_ring, minmay_parallelograms
D:2:      layout_basic, nrook_mini_vaults, st_stairs_6, minmay_close_crescents
D:3:      layout_basic
D:4:      layout_loops_ring, nicolae_overflow_crystal_walls,
          lemuel_crystal_altar, minmay_temple_entry_mini_moons, serial_shops,
          nicolae_lakefront_shop, minmay_joined_circles, uniq_duvessa

Skill      XL: |  1  2  3  4  5 |
---------------+----------------+-----
Ranged Weapons | 5 6 |  6.4
Fighting       | 3 |  3.6
Armour         | 1 |  1.3
Dodging        | |  1.5
Stealth        | |  1.1

Action                     |  1- 3 |  4- 6 || total
---------------------------+-------+-------++-------
   Fire: Shortbow          |    89 |   109 ||   198
    Use: Scroll            |     4 |     5 ||     9
         Potion            |       |     2 ||     2
 Armour: Leather armour    |    21 |     6 ||    27
         Ring mail         |       |    29 ||    29
  Dodge: Dodged            |    13 |    39 ||    52

Table legend:
 A = Non-vault XP
 B = Vault XP
 C = Vault XP percentage of total XP
 D = Non-vault monster count
 E = Vault monster count
 F = Vault count percentage of total count
                 A         B        C        D         E       F
            +---------+---------+-------+---------+---------+-------
      Total |     174 |     185 |  51.5 |      51 |      10 |  16.4
            +---------+---------+-------+---------+---------+-------
        D:1 |      40 |       0 |   0.0 |      15 |       0 |   0.0
        D:2 |      42 |       7 |  14.3 |      16 |       5 |  23.8
        D:3 |      92 |       0 |   0.0 |      20 |       0 |   0.0
        D:4 |       0 |     178 | 100.0 |       0 |       5 | 100.0
            +---------+---------+-------+---------+---------+-------
